 Dungeon Crawl Stone Soup version 0.27.1 (webtiles) character file.

Game seed: 14106807051080773647

752 Gwenloh the Firebug (level 8, -6/52 HPs)
             Began as a Human Fire Elementalist on Aug 26, 2021.
             Killed by an exploding killer bee (12 damage)
             ... ignited by their inner flame
             ... on level 5 of the Dungeon.
             The game lasted 00:20:31 (5635 turns).

Gwenloh the Firebug (Human Fire Elementalist)       Turns: 5635, Time: 00:20:32

Health: -6/52      AC:  8    Str:  9    XL:     8   Next: 6%
Magic:  4/14       EV: 12    Int: 18    God:
Gold:   212        SH:  0    Dex: 13    Spells: 4/15 levels left

rFire    + . .     SeeInvis .   s - +1 whip (venom)
rCold    x . .     Faith    .   (no shield)
rNeg     . . .     Spirit   .   a - +0 robe
rPois    .         Reflect  .   v - +0 helmet
rElec    .         Harm     .   e - +0 cloak
rCorr    .         Rampage  .   (no gloves)
Will     .....                  (no boots)
Stlth    ++........             (no amulet)
HPRegen  0.17/turn              r - +4 ring of protection
MPRegen  0.14/turn              h - ring of fire

@: lethally poisoned (-6 -> -11), very slightly contaminated
A: no striking features
a: no special abilities


You were on level 5 of the Dungeon.
You visited 1 branch of the dungeon, and saw 5 of its levels.

You collected 212 gold pieces.

Inventory:

Hand Weapons
 s - a +1 whip of venom (weapon)
Missiles
 b - 33 poisoned darts
Armour
 a - a +0 robe (worn)
 d - a +0 buckler
 e - a +0 cloak (worn)
 v - a +0 helmet (worn)
Jewellery
 f - a ring of flight
 h - a ring of fire (right hand)
 q - an amulet of faith
 r - a +4 ring of protection (left hand)
Wands
 t - a wand of flame (11)
Scrolls
 c - a scroll of amnesia {unknown}
 g - 2 scrolls of identify {unknown}
 i - a scroll of enchant weapon {unknown}
 k - a scroll of magic mapping {unknown}
 n - a scroll of blinking {unknown}
 p - a scroll of vulnerability {unknown}
Potions
 j - a potion of invisibility {unknown}
 l - a potion of berserk rage {unknown}
 m - a potion of heal wounds
 o - 2 potions of flight {unknown}
 u - a potion of curing {unknown}


   Skills:
 - Level 2.0 Dodging
 - Level 2.0 Stealth
 + Level 4.2 Spellcasting
 + Level 3.8 Conjurations
 + Level 2.4 Hexes
 + Level 6.1 Fire Magic


You had 4 spell levels left.
You knew the following spells:

 Your Spells              Type           Power      Damage    Failure   Level
a - Foxfire               Conj/Fire      100%       2x1d9     1%          1
b - Conjure Flame         Conj/Fire      32%        6-21      5%          3
c - Inner Flame           Hex/Fire       29%        N/A       8%          3
d - Sticky Flame          Conj/Fire      32%        2d5       19%         4

Your spell library contained the following spells:

 Spells                   Type           Power      Damage    Failure   Level
 Corona                   Hex            13%        N/A       5%          1
 Shock                    Conj/Air       40%        1d5       6%          1
 Slow                     Hex            12%        N/A       8%          2
 Animate Skeleton         Necr           6%         N/A       14%         1
 Apportation              Tloc           6%         N/A       14%         1
 Summon Small Mammal      Summ           12%        N/A       14%         1
 Confusing Touch          Hex            12%        N/A       16%         3
 Vampiric Draining        Necr           1%         2d6       41%         3
 Fireball                 Conj/Fire      16%        3d8       45%         5
 Summon Mana Viper        Hex/Summ       8%         N/A       94%         5
 Summon Forest            Summ/Tloc      1%         N/A       99%         5
 Shadow Creatures         Summ           N/A        N/A       100%        6


Dungeon Overview and Level Annotations

Branches:
Dungeon (5/15)
 Temple: D:4-7

Altars:
Zin
The Shining One

Shops:
D:4 [

Annotations:
D:3 1 runed translucent door, Crazy Yiuf


Message History

Confirm with . or Enter, or press ? or * to list all spells.
Aiming: Inner Flame (dangerous; 8% risk of failure)
Press: ? - help, Shift-Dir - straight line, f - killer bee
Aim: a killer bee (chance to affect: 89%)
You feel a surge of power!
The killer bee is filled with an inner flame.
The killer bee completely misses you. The killer bee stings you!
Casting: Inner Flame (dangerous; 8% risk of failure)
Confirm with . or Enter, or press ? or * to list all spells.
The spell is quite dangerous to cast (19% risk of failure)!
Continue anyway?
Aiming: Sticky Flame (quite dangerous; 19% risk of failure)
Press: ? - help, Shift-Dir - straight line, f/p - killer bee
Aim: a killer bee (inner flame, 100% to hit)
You feel a surge of power!
You miscast Sticky Flame.
You are very lightly contaminated with residual magic.
A wave of violent energy washes through your body!
The killer bee completely misses you.
The killer bee stings you but does no damage.
The killer bee barely misses you.
You closely miss the killer bee. The killer bee stings you!
* * * LOW HITPOINT WARNING * * *
The killer bee misses you. The killer bee completely misses you.
You barely miss the killer bee. The killer bee stings you.
* * * LOW HITPOINT WARNING * * *
You are poisoned.
The killer bee poisons you!
The killer bee stings you but does no damage.
You hit the killer bee.
Flame seeps out of the killer bee.
The killer bee is poisoned.
The killer bee is moderately wounded.
* * * LOW HITPOINT WARNING * * *
You feel sick.
Flame seeps out of the killer bee.
The killer bee is engulfed in blazing flames.
Flame seeps out of the killer bee.
The killer bee barely misses you.
The killer bee is engulfed in blazing flames.
The killer bee explodes!
The fiery explosion engulfs the killer bee!
The killer bee is almost dead.
The fiery explosion engulfs you! You resist.
You die...

#####.##.#.#...# ##
#.....##.#.#.### y.
#.######.#.#.# #.
#.###....#.#.# #h
#.....####.#.# #.
###########.#.# #. #.
#...........#.#
##...#.###.####........#
......yy○@.# #........#
....?.h##### #........#
....... #........#
....... #........#
.....O. #........#
......> #.......##
....... #########
.......


You could see 2 killer bees and a jackal.

Vanquished Creatures
  Eustachio (D:4)
  Menkaure (D:4)
  Blork the orc (D:4)
  3 killer bees
  A bullfrog zombie (D:5)
  A jelly (D:5)
  An orc priest (D:5)
  2 orc wizards (D:4)
  8 gnolls (D:2)
  A howler monkey skeleton (D:5)
  3 adders
  3 dart slugs
  13 orcs
  8 ball pythons
  An endoplasm (D:2)
  5 giant cockroaches
  10 goblins
  6 hobgoblins
  2 jackals (D:5)
  4 kobolds
  3 quokkas
  5 bats
  3 frilled lizards
  4 rats
90 creatures vanquished.

Vanquished Creatures (others)
  254 foxfires
254 creatures vanquished.

Grand Total: 344 creatures vanquished

Notes
Turn   | Place    | Note
-------+----------+-------------------------------------------
     0 | D:1      | Gwenloh the Human Fire Elementalist began the quest for the
                  | Orb.
     0 | D:1      | Reached XP level 1. HP: 13/13 MP: 3/3
   119 | D:1      | Reached XP level 2. HP: 19/19 MP: 1/5
   308 | D:1      | Found a faded altar of an unknown god.
   318 | D:1      | Got Plato's Grimoire of Feathers
   591 | D:1      | Reached XP level 3. HP: 24/24 MP: 4/6
   921 | D:2      | Learned a level 3 spell: Conjure Flame
  1208 | D:2      | Reached skill level 4 in Fire Magic
  1236 | D:2      | Reached XP level 4. HP: 30/30 MP: 3/7
  1473 | D:2      | Reached XP level 5. HP: 35/35 MP: 2/9
  1612 | D:2      | Learned a level 3 spell: Inner Flame
  1987 | D:3      | Found a glowing golden altar of the Shining One.
  2079 | D:3      | Found a glowing silver altar of Zin.
  2324 | D:3      | Found a runed translucent door.
  2325 | D:3      | Noticed Crazy Yiuf
  2779 | D:4      | Found Fanuyquh's Antique Armour Shop.
  2838 | D:4      | Noticed Menkaure
  3308 | D:4      | Noticed Blork the orc
  3598 | D:4      | Killed Menkaure
  3599 | D:4      | Reached skill level 5 in Fire Magic
  3599 | D:4      | Reached XP level 6. HP: 22/41 MP: 2/11
  3604 | D:4      | Learned a level 4 spell: Sticky Flame
  4190 | D:5      | Entered Level 5 of the Dungeon
  4289 | D:5      | Noticed Eustachio
  4495 | D:4      | Killed Eustachio
  4496 | D:4      | Reached skill level 1 in Hexes
  4496 | D:4      | Reached XP level 7. HP: 30/46 MP: 2/12
  4600 | D:4      | Killed Blork the orc
  5181 | D:5      | Reached skill level 6 in Fire Magic
  5588 | D:5      | Reached XP level 8. HP: 52/52 MP: 10/14
  5635 | D:5      | Killed by an exploding killer bee... ignited by their inner
                  | flame

Illustrated notes

Levels and vault maps discovered:
D:1:      wander_arrival_estate, layout_rooms,
          shapermc_ecumenical_altar_rom_forum
D:2:      layout_basic
D:3:      kennysheep_the_goblin_king, layout_loops_ring,
          mainiacjoe_overflow_large_starburst, uniq_crazy_yiuf_cottage
D:4:      layout_basic, serial_shops, shop, uniq_blork_the_orc, uniq_menkaure
D:5:      layout_basic, uniq_eustachio

Skill      XL: |  1  2  3  4  5  6  7 |
---------------+----------------------+-----
Fire Magic     | 4 5 6 |  6.1
Conjurations   | 2 3 |  3.8
Spellcasting   | 3 4 |  4.2
Hexes          | 1 2 |  2.4
Dodging        | |  2.0
Stealth        | |  2.0

Action                   |  1- 3 |  4- 6 |  7- 9 || total
-------------------------+-------+-------+-------++-------
Melee: Whip              |       |       |    33 ||    33
 Cast: Foxfire           |    51 |    78 |    20 ||   149
       Conjure Flame     |       |     7 |     1 ||     8
       Inner Flame       |       |     1 |     2 ||     3
       Sticky Flame      |       |     2 |     5 ||     7
Armor: Robe              |     7 |    11 |    13 ||    31
Dodge: Dodged            |    15 |    20 |    32 ||    67
